 Dungeon Crawl Stone Soup version 0.30-a0-222-ge547ba4400 (webtiles) character file.

Game seed: 16457254488461374387

138 timneilson the Shield-Bearer (level 5, -1/33 HPs)
             Began as a Gargoyle Fighter on Oct 8, 2022.
             Slain by Terence
             ... wielding a +0 mace
              (6 damage)
             ... on level 2 of the Dungeon.
             The game lasted 00:03:20 (1845 turns).

timneilson the Shield-Bearer (Gargoyle Fighter)     Turns: 1845, Time: 00:03:21

Health: -1/33      AC: 11    Str: 22    XL:     5   Next: 21%
Magic:  5/5        EV:  9    Int:  8    God:
Gold:   102        SH:  4    Dex:  9    Spells: 4/4 levels left

rFire   . . .      SeeInvis .    a - +0 long sword
rCold   . . .      Faith    .    c - +0 buckler
rNeg    + . .      Spirit   .    b - +0 scale mail
rPois   ∞          Reflect  .    (no helmet)
rElec   +          Harm     .    (no cloak)
rCorr   .          Rampage  .    (no gloves)
Will    .....                    (no boots)
Stlth   ..........               j - amulet of the acrobat
HPRegen 0.25/turn                (no ring)
MPRegen 0.09/turn                (no ring)

@: no status effects
A: sickness immunity, AC +4, negative energy resistance 1, electricity
resistance, torment resistance 1, petrification resistance
a: no special abilities


You were on level 2 of the Dungeon.
You visited 1 branch of the dungeon, and saw 3 of its levels.

You collected 102 gold pieces.

Inventory:

Hand Weapons
 a - a +0 long sword (weapon)
Armour
 b - a +0 scale mail (worn)
 c - a +0 buckler (worn)
 f - a +0 plate armour
Jewellery
 j - an amulet of the acrobat (around neck)
 l - an amulet of faith
Wands
 k - a wand of roots (11)
Scrolls
 e - a scroll of teleportation
Potions
 d - a potion of might
 h - a potion of lignification


   Skills:
 + Level 3.7 Fighting
 * Level 2.6 Long Blades
 * Level 4.1 Armour
 + Level 1.0 Dodging
 * Level 4.2 Shields
 + Level 1.0 Evocations


You had 4 spell levels left.
You didn't know any spells.
Your spell library contained the following spells:

 Spells                   Type           Power      Damage    Failure   Level
 Conjure Ball Lightning   Conj/Air       0%         3x3d6     100%        6
 Discord                  Hex            0%         N/A       100%        8
 Disjunction              Tloc           0%         N/A       100%        8


Dungeon Overview and Level Annotations

Branches:
Dungeon (3/15)

Altars:

Shops:
D:3 :

Annotations:
D:2 Terence
D:3 Jessica


Innate Abilities, Weirdness & Mutations

You are immune to sickness and miasma.
Your stone body is resilient. (AC +4)
You are immune to poison.
You resist negative energy. (rN+)
You are resistant to electric shocks. (rElec)
You are resistant to unholy torment.
You are immune to petrification.


Message History

You feel better. Terence hits you with a +0 mace.
You hit Terence but do no damage.
Terence is severely wounded.
Terence hits you with a +0 mace.
You barely miss Terence.
Terence is severely wounded.
Terence hits you but does no damage. Terence hits you with a +0 mace.
* * * LOW HITPOINT WARNING * * *
You hit Terence but do no damage.
Terence is severely wounded.
Terence barely misses you.
You closely miss Terence.
Terence is severely wounded.
Terence closely misses you.
You hit Terence but do no damage.
Terence is severely wounded.
Terence hits you with a +0 mace.
* * * LOW HITPOINT WARNING * * *
Terence barely misses you.
You barely miss Terence.
Terence is severely wounded.
Terence barely misses you.
You slash Terence!
Terence is almost dead.
Terence misses you.
You completely miss Terence.
Terence is almost dead.
Terence hits you but does no damage. Terence hits you with a +0 mace.
* * * LOW HITPOINT WARNING * * *
You hit Terence but do no damage.
Terence is almost dead.
Terence hits you with a +0 mace.
* * * LOW HITPOINT WARNING * * *
You closely miss Terence.
Terence is almost dead.
Terence closely misses you.
You barely miss Terence.
Terence is almost dead.
Terence hits you with a +0 mace.
You die...

......###.......#####
###...# #...........#
###...# #........<..#
)##...# #.......###.#
......# #.........#.#
####..###.....###.#.#
#..........# #.#.#
####.####.#...###...#
.............[..@@#.#
#####.###.#####.###.#
........#)# #†# #.#
#####.#.#.## #.# #.#
##.#..#.####.###.####
#....###............#
#.....#.####..#####.#
####.............#
#.#
......^.########.#
#.#


You could see Terence.

Vanquished Creatures
  A scorpion (D:2)
  An adder (D:2)
  2 dart slugs (D:1)
  4 orcs (D:3)
  7 bats
  2 endoplasms
  5 giant cockroaches
  5 goblins
  5 hobgoblins
  3 jackals (D:2)
  4 quokkas
  8 ball pythons
  4 frilled lizards
  3 kobolds
  2 rats (D:1)
56 creatures vanquished.

Vanquished Creatures (others)
  2 plants (D:1)
2 creatures vanquished.

Grand Total: 58 creatures vanquished

Notes
Turn   | Place    | Note
-------+----------+-------------------------------------------
     0 | D:1      | timneilson the Gargoyle Fighter began the quest for the
                  | Orb.
     0 | D:1      | Reached XP level 1. HP: 14/14 MP: 1/1
   140 | D:1      | Reached XP level 2. HP: 19/19 MP: 2/2
   522 | D:1      | Reached XP level 3. HP: 23/23 MP: 3/3
  1380 | D:2      | Reached XP level 4. HP: 28/28 MP: 4/4
  1699 | D:3      | Found Urchargh's Vocational Training.
  1710 | D:3      | Noticed Jessica
  1713 | D:3      | Noticed a scorpion
  1713 | D:3      | Noticed Terence
  1743 | D:2      | Killed a scorpion
  1744 | D:2      | Reached skill level 1 in Dodging
  1744 | D:2      | Reached skill level 1 in Evocations
  1744 | D:2      | Reached XP level 5. HP: 16/33 MP: 5/5
  1831 | D:2      | HP: 1/33 [Terence/+0 mace (1)]
  1845 | D:2      | Slain by Terence

Illustrated notes

Levels and vault maps discovered:
D:1:      dpeg_arrival_rhombus, layout_basic, hangedman_abyss_or_decor_stabs,
          dreamdust_princess_corridor, serial_bayou_ford_a, st_stairs_1
D:2:      layout_loops_ring
D:3:      layout_basic, nicolae_shop_vocational, uniq_terence, uniq_jessica

Skill      XL: |  1  2  3  4 |
---------------+-------------+-----
Long Blades    | 2 |  2.6
Shields        | 4 |  4.2
Armour         | 4 |  4.1
Dodging        | 1 |  1.0
Evocations     | 1 |  1.0
Fighting       | |  3.7

Action                   |  1- 3 |  4- 6 || total
-------------------------+-------+-------++-------
Melee: Long sword        |   168 |    93 ||   261
  Use: Scroll            |     3 |     1 ||     4
       Potion            |       |     4 ||     4
Armor: Scale mail        |    96 |    44 ||   140
Dodge: Dodged            |   113 |    70 ||   183
Block: Buckler           |    40 |    21 ||    61

Table legend: (Time is in decaauts)
 A = Elapsed time spent in this place.
 B = Non-inter-level travel time spent in this place.
 C = Inter-level travel time spent in this place.
 D = Time resting spent in this place.
 E = Time spent auto-exploring this place.
 F = Levels seen in this place.
 G = Mean time per level.
                   A        B        C        D        E       F      G
               +--------+--------+--------+--------+--------+-----+--------+
         Total |   1953 |   1932 |     21 |     61 |   1312 |   3 |  651.0 |
       Dungeon |   1953 |   1932 |     21 |     61 |   1312 |   3 |  651.0 |
               +--------+--------+--------+--------+--------+-----+--------+

Top non-repeatable levels by time:
     D:2: 906 daAuts
     D:1: 861 daAuts
     D:3: 185 daAuts
